[Event "Titled Tuesday Blitz November 01 Late 2022"]
[White "Gardezi, Arsal"]
[Black "Dzierzak, Radoslaw"]
[WhiteFideId "30949521"]
[BlackFideId "1161407"]
[WhiteElo "1906"]
[BlackElo "2111"]
[Result "0-1"]
[Round "07"]
[TimeControl "180+1"]
[Date "2022.11.02"]
[WhiteClock "0:00:03"]
[BlackClock "0:00:06"]

1. e4 c5 2. Nf3 Nc6 3. d4 cxd4 4. Nxd4 e6 5. Nc3 Qc7 6. Be3 a6 7. g4 b5 8. Bg2 Bb7 9. Qd2 Ne5 10. Qe2 Nc4 11. Bc1 Bb4 12. O-O Ne7 13. a4 Bc5 14. Nb3 b4 15. Qxc4 Bxf2+ 16. Rxf2 Qxc4 17. Nd1 O-O 18. Na5 Qc7 19. Nxb7 Qxb7 20. Ne3 Rac8 21. b3 Qa7 22. Nc4 d5 23. Be3 Qb8 24. Nb6 Rcd8 25. Bc5 Rfe8 26. a5 dxe4 27. Bxe4 Nd5 28. Raf1 f6 29. Bd3 Qb7 30. Be4 Qc7 31. Bd4 Nc3 32. Bxc3 Qxc3 33. Bd3 Qc5 34. Nc4 e5 35. Re1 e4 36. Bxe4 Kf8 37. Kf1 Rd4 38. Rfe2 Qc7 39. Kg2 Qf4 40. Bf3 Rxe2+ 41. Rxe2 Rxc4 42. bxc4 Qxc4 43. Be4 g6 44. Kf3 Qc5 45. Bd3 Qxa5 46. Re6 Qd5+ 47. Re4 a5 48. Kg3 Qd6+ 49. Kg2 Qc6 50. Kf2 Qc5+ 51. Kf1 a4 52. Rc4 Qd6 53. Rc8+ Kg7 54. Ra8 a3 55. Ra7+ Kh6 56. Ra6 Qf4+ 57. Ke2 Qxg4+ 58. Kd2 Qf4+ 59. Ke2 Qxh2+ 60. Ke3 Qe5+ 61. Kd2 Qc3+ 62. Ke2 Qe5+ 63. Kd1 f5 64. Ra7 f4 65. Bc4 f3 66. Bg8 f2 67. Rxh7+ Kg5 68. Rh1 Qe4 69. Rf1 Qd4+ 70. Kc1 Qa1+ 71. Kd2 Qxf1 72. Bc4 Qe1+ 73. Kd3 f1=Q+ 74. Kd4 Qff2+ 75. Kd5 Qed2+ 76. Kc6 Qf6+ 77. Kb5 Qe3 78. Ka4 Qeb6 79. c3 a2 80. Bxa2 Qxc3 81. Bc4 Qa3# 0-1


[Site "https://www.chess.com"]

[Event "Titled Tuesday Blitz November 01 Late 2022"]
[White "Gokerkan, Cem Kaan"]
[Black "Bayo Milagro, Alvaro"]
[WhiteFideId "6336760"]
[BlackFideId "22275240"]
[WhiteElo "2365"]
[BlackElo "2270"]
[Result "1-0"]
[Round "07"]
[TimeControl "180+1"]
[Date "2022.11.01"]
[WhiteClock "0:00:28"]
[BlackClock "0:00:07"]

1. e4 c6 2. d4 d5 3. Nc3 dxe4 4. Nxe4 Bf5 5. Ng3 Bg6 6. h4 h6 7. Nf3 Nf6 8. Bd3 Bxd3 9. Qxd3 e6 10. Bf4 Qa5+ 11. Bd2 Bb4 12. c3 Be7 13. O-O O-O 14. Rfe1 Nbd7 15. a3 Qc7 16. Nf5 exf5 17. Rxe7 Qd6 18. Re2 Ne4 19. Rae1 Rfe8 20. c4 Ndf6 21. Bb4 Qd7 22. Qe3 a5 23. Ne5 Qd8 24. Bc3 Nxc3 25. bxc3 Qd6 26. Qf4 Qxa3 27. Re3 Qd6 28. Qxf5 a4 29. c5 Qd5 30. Rg3 Kf8 31. Ree3 a3 32. Rxg7 Kxg7 33. Rg3+ Kf8 34. Qxf6 Qe6 35. Ng6+ Kg8 36. Qh8# 1-0


[Site "https://www.chess.com"]

[Event "Titled Tuesday Blitz November 01 Late 2022"]
[White "Goltsev, Dmitry"]
[Black "Muradli, Mahammad"]
[WhiteFideId "24176710"]
[BlackFideId "13409301"]
[WhiteElo "2257"]
[BlackElo "2611"]
[Result "0-1"]
[Round "07"]
[TimeControl "180+1"]
[Date "2022.11.01"]
[WhiteClock "0:00:04"]
[BlackClock "0:00:14"]

1. e4 c5 2. Nf3 d6 3. d4 cxd4 4. Nxd4 Nf6 5. Nc3 a6 6. Be2 e5 7. Nb3 Be7 8. Be3 Be6 9. Nd5 Nbd7 10. f3 Bxd5 11. exd5 Rc8 12. c4 b6 13. O-O O-O 14. Qd2 a5 15. Nc1 Ne8 16. b3 g6 17. Nd3 Ng7 18. Rac1 Nf5 19. Bf2 Bg5 20. f4 exf4 21. Nxf4 Nf6 22. Bd3 Ng7 23. g3 Ngh5 24. Bd4 Re8 25. Nxh5 Nxh5 26. Qf2 Qd7 27. Rce1 Rxe1 28. Rxe1 a4 29. Bxb6 axb3 30. axb3 Nf6 31. h4 Ng4 32. Qe2 Bf6 33. Kg2 Be5 34. b4 h5 35. Be4 Qa4 36. Bf3 Qxb4 37. Bxg4 hxg4 38. Qxg4 Rxc4 39. Qe2 Rc3 40. Bf2 Qb3 41. h5 Qxd5+ 42. Qe4 Qd2 43. hxg6 Rxg3+ 44. Kf1 Rxg6 45. Qf5 Qd5 46. Rb1 Kg7 47. Ke2 Rg2 48. Rg1 Rxg1 49. Bxg1 Qg2+ 50. Qf2 Qg4+ 51. Kf1 f5 52. Qa7+ Kg6 53. Bf2 Qc4+ 54. Kg2 f4 55. Qd7 Qe4+ 56. Kf1 Qd3+ 57. Kg2 f3+ 58. Kh3 Qf5+ 59. Qxf5+ Kxf5 60. Kh4 Ke4 61. Kg4 d5 62. Be1 d4 63. Bg3 Bxg3 64. Kxg3 Ke3 65. Kh2 f2 66. Kg2 Ke2 67. Kh2 f1=N+ 0-1


[Site "https://www.chess.com"]

[Event "Titled Tuesday Blitz November 01 Late 2022"]
[White "Gubajdullin, Alexei"]
[Black "Petrovic, Aleksa"]
[WhiteFideId "4141202"]
[BlackFideId "967629"]
[WhiteElo "2200"]
[BlackElo "2242"]
[Result "1-0"]
[Round "07"]
[TimeControl "180+1"]
[Date "2022.11.02"]
[WhiteClock "0:00:38"]
[BlackClock "0:00:03"]

1. d4 Nf6 2. Nf3 e6 3. Bf4 c5 4. e3 Qb6 5. Qc1 Nc6 6. c3 Nh5 7. Bg3 Nxg3 8. hxg3 d5 9. Nbd2 g6 10. Bd3 Bg7 11. O-O O-O 12. Rd1 e5 13. dxe5 Bg4 14. Re1 Bxf3 15. Nxf3 Nxe5 16. Nxe5 Bxe5 17. Qc2 Rfe8 18. Rad1 Rad8 19. Rd2 d4 20. exd4 cxd4 21. Rde2 dxc3 22. Rxe5 Rxe5 23. Rxe5 Qd4 24. Re3 cxb2 25. Kh2 Rd5 26. Be2 Rc5 27. Qb3 Rc1 28. Re7 Qf6 29. Re8+ Kg7 30. Qa3 g5 31. Qf8+ Kg6 32. Bd3+ Kh5 33. f3 b1=Q 34. g4+ Kh4 35. g3# 1-0


[Site "https://www.chess.com"]

[Event "Titled Tuesday Blitz November 01 Late 2022"]
[White "Gunduz, Umut Erdem"]
[Black "Postny, Evgeny"]
[WhiteFideId "6381383"]
[BlackFideId "2804344"]
[WhiteElo "2590"]
[BlackElo "2749"]
[Result "0-1"]
[Round "07"]
[TimeControl "180+1"]
[Date "2022.11.02"]
[WhiteClock "0:00:02"]
[BlackClock "0:00:17"]

1. e4 c5 2. Nf3 Nc6 3. d4 cxd4 4. Nxd4 Nf6 5. Nc3 Rb8 6. Bf4 d6 7. Nxc6 bxc6 8. e5 Nd5 9. Nxd5 cxd5 10. exd6 e6 11. d7+ Bxd7 12. Bxb8 Qxb8 13. Qd4 Bd6 14. Bd3 Be5 15. Qh4 Bxb2 16. Rb1 Qe5+ 17. Kd1 Bc3 18. Qg3 Ke7 19. Rb7 Qd4 20. Qg5+ Kd6 21. Ke2 Rc8 22. Rhb1 h6 23. Rxd7+ Kxd7 24. Rb7+ Rc7 25. Bb5+ Kc8 26. Rxc7+ Kxc7 27. Qe7+ Kb6 28. Qd7 Qe4+ 29. Kd1 Qe1# 0-1


[Site "https://www.chess.com"]

[Event "Titled Tuesday Blitz November 01 Late 2022"]
[White "Han, Yichen"]
[Black "Urbina Perez, Juan Antonio"]
[WhiteFideId "1054430"]
[BlackFideId "2217368"]
[WhiteElo "2323"]
[BlackElo "2197"]
[Result "1-0"]
[Round "07"]
[TimeControl "180+1"]
[Date "2022.11.02"]
[WhiteClock "0:01:18"]
[BlackClock "0:01:23"]

1. Nf3 d5 2. b3 c6 3. Bb2 Bf5 4. d3 e6 5. Nbd2 h6 6. e4 Bh7 7. g3 Nf6 8. Qe2 Bc5 9. Bg2 O-O 10. O-O Qe7 11. a3 a5 12. h3 Nbd7 13. Rfe1 dxe4 14. dxe4 e5 15. Nh2 Rfd8 16. Nc4 b5 17. Nd2 Nf8 18. Ng4 Nxg4 19. hxg4 Bd4 20. c3 Bb6 21. a4 bxa4 22. Rxa4 Ne6 23. Nc4 Bc7 24. Raa1 Nc5 25. Ba3 Bb8 26. Nb6 Ra7 27. Rad1 Rxd1 28. Rxd1 Bg6 29. Qc4 Bd6 30. Nc8 1-0


[Site "https://www.chess.com"]

[Event "Titled Tuesday Blitz November 01 Late 2022"]
[White "Harvey, Marcus R"]
[Black "Kanyamarala, Trisha"]
[WhiteFideId "400092"]
[BlackFideId "45004722"]
[WhiteElo "2457"]
[BlackElo "2099"]
[Result "1-0"]
[Round "07"]
[TimeControl "180+1"]
[Date "2022.11.02"]
[WhiteClock "0:00:06"]
[BlackClock "0:00:02"]

1. f4 d5 2. Nf3 c6 3. g3 g6 4. Bg2 Qb6 5. Nc3 Bg7 6. a4 a5 7. e3 Nd7 8. O-O Ngf6 9. Kh1 O-O 10. b3 Ne4 11. Qe1 Nxc3 12. dxc3 e5 13. Bd2 Re8 14. f5 Nf6 15. fxg6 fxg6 16. Ng5 e4 17. Bh3 h6 18. Bxc8 Raxc8 19. Nh3 Ng4 20. Nf4 Ne5 21. Qe2 Kh7 22. Rab1 Nf3 23. c4 d4 24. exd4 Qxd4 25. Be3 Qe5 26. Rbd1 Qf5 27. Bb6 Be5 28. Ng2 Bxg3 29. Ne3 Qh3 30. Qg2 Qxg2+ 31. Kxg2 Bf4 32. Rd7+ Kh8 33. Ng4 Bg5 34. h4 Nxh4+ 35. Kh3 Nf3 36. Bxa5 h5 37. Bc3+ Kg8 38. Rg7+ Kf8 39. Nh2 1-0


[Site "https://www.chess.com"]

[Event "Titled Tuesday Blitz November 01 Late 2022"]
[White "Haszon, David"]
[Black "Jimenez Almeida, Luis David"]
[WhiteFideId "733610"]
[BlackFideId "22242244"]
[WhiteElo "2211"]
[BlackElo "2158"]
[Result "1-0"]
[Round "07"]
[TimeControl "180+1"]
[Date "2022.11.02"]
[WhiteClock "0:00:35"]
[BlackClock "0:00:42"]

1. e4 g6 2. d4 c6 3. h3 Na6 4. Nc3 Nc7 5. Nf3 Bg7 6. Bf4 d6 7. Qd2 Nf6 8. Bh6 O-O 9. h4 Bxh6 10. Qxh6 Ng4 11. Qg5 e5 12. dxe5 dxe5 13. Rd1 Qxg5 14. hxg5 Kg7 15. a4 a5 16. Bc4 Be6 17. Bxe6 Nxe6 18. Rh4 h5 19. gxh6+ Nxh6 20. Nxe5 Rfd8 21. Rxd8 Rxd8 22. Rxh6 Nd4 23. Rh3 Nxc2+ 24. Kf1 Nb4 25. Nc4 Rd4 26. Nxa5 b6 27. Nb3 Rc4 28. Re3 Kf6 29. f3 Ke5 30. Re2 c5 31. Rd2 g5 32. a5 Nc6 33. axb6 Rb4 34. Nxc5 Kf4 35. b7 Ne5 36. Kf2 Nc4 37. g3+ Ke5 38. b8=Q+ 1-0


[Site "https://www.chess.com"]

[Event "Titled Tuesday Blitz November 01 Late 2022"]
[White "Heinemann, Josefine"]
[Black "Ashiku, Franc"]
[WhiteFideId "12900460"]
[BlackFideId "4700066"]
[WhiteElo "2300"]
[BlackElo "2306"]
[Result "1/2-1/2"]
[Round "07"]
[TimeControl "180+1"]
[Date "2022.11.02"]
[WhiteClock "0:01:19"]
[BlackClock "0:00:09"]

1. e4 a6 2. d4 d5 3. exd5 Qxd5 4. c4 Qd6 5. Nc3 Nf6 6. Nf3 g6 7. Be2 Bg7 8. O-O O-O 9. h3 Nc6 10. Be3 Nh5 11. Qd2 e5 12. d5 Ne7 13. Ne4 Qd8 14. Rfd1 f5 15. Neg5 f4 16. Bc5 Qe8 17. Ne6 Bxe6 18. dxe6 e4 19. Ng5 f3 20. Bf1 Rf5 21. Nxe4 fxg2 22. Bxg2 Nf4 23. Qd7 Nc6 24. Qxc7 Nxg2 25. Kxg2 Qxe6 26. Re1 Raf8 27. Rad1 Rxc5 28. Nxc5 Qf5 29. Ne4 Ne5 30. Rd8 Qf3+ 31. Kg1 Nd3 32. Rxf8+ Bxf8 33. Re3 Qd1+ 34. Kg2 Ne1+ 35. Rxe1 Qxe1 36. Qe5 Qc1 37. Qe6+ Kg7 38. Qf6+ Kg8 39. Ng5 Qxc4 40. Ne6 Qd5+ 41. Kg1 Qd1+ 42. Kg2 Qd5+ 43. Kg1 Qd1+ 44. Kg2 Qd5+ 1/2-1/2


[Site "https://www.chess.com"]

[Event "Titled Tuesday Blitz November 01 Late 2022"]
[White "Hemam, Moulaye Brahim"]
[Black "Sanchez, Robert"]
[WhiteFideId "19600054"]
[BlackFideId "2034360"]
[WhiteElo "2088"]
[BlackElo "2397"]
[Result "0-1"]
[Round "07"]
[TimeControl "180+1"]
[Date "2022.11.02"]
[WhiteClock "0:00:06"]
[BlackClock "0:00:19"]

1. e4 e6 2. d4 d5 3. Nc3 Nf6 4. e5 Nfd7 5. f4 c5 6. Nf3 Nc6 7. Be3 Be7 8. Qd2 O-O 9. Be2 cxd4 10. Nxd4 Nxd4 11. Bxd4 f6 12. exf6 Nxf6 13. O-O a6 14. Bf3 Bd7 15. f5 exf5 16. Nxd5 Nxd5 17. Bxd5+ Kh8 18. Bxb7 Bb5 19. Bxa8 Bxf1 20. Rxf1 Qxa8 21. Qh6 Bf6 22. Bxf6 Qa7+ 23. Kh1 Rxf6 24. Qd2 h6 25. c4 Qc5 26. Qc3 f4 27. b4 Qe7 28. a4 Qe2 29. Re1 f3 30. gxf3 Qf2 31. Re8+ Kh7 32. Qd3+ Rg6 33. Rh8+ Kxh8 34. Qxg6 Qf1+ 35. Qg1 Qxf3+ 36. Qg2 Qd1+ 37. Qg1 Qf3+ 38. Qg2 Qd1+ 39. Qg1 Qxa4 40. Qc1 Qxb4 41. c5 Qe4+ 42. Kg1 Qc6 0-1


[Site "https://www.chess.com"]

[Event "Titled Tuesday Blitz November 01 Late 2022"]
[White "Hoffmann, Asa"]
[Black "Vlassov, Nikolai"]
[WhiteFideId "2001470"]
[BlackFideId "4103360"]
[WhiteElo "2117"]
[BlackElo "2324"]
[Result "1-0"]
[Round "07"]
[TimeControl "180+1"]
[Date "2022.11.02"]
[WhiteClock "0:01:37"]
[BlackClock "0:02:33"]

1. d4 Nf6 2. Bg5 e6 3. Nd2 h6 4. Bh4 c5 5. e3 b6 6. Bd3 Bb7 7. Ngf3 g5 8. Bg3 g4 9. Nh4 h5 10. O-O Be7 11. e4 cxd4 12. e5 Nd5 13. Ne4 Nc6 14. f3 Ne3 15. Qe2 Nxf1 16. Rxf1 Nb4 17. fxg4 Nxd3 18. cxd3 Bxe4 19. Qxe4 hxg4 20. Ng6 Rg8 21. Nxe7 Kxe7 22. Bh4+ Ke8 23. Bxd8 Rxd8 24. Qxd4 g3 25. hxg3 d5 26. exd6 Rd7 27. Qe5 Kd8 28. d4 1-0


[Site "https://www.chess.com"]

[Event "Titled Tuesday Blitz November 01 Late 2022"]
[White "Hua, Lefong"]
[Black "Goncalves, Davi Sulzbacher"]
[WhiteFideId "2602253"]
[BlackFideId "2154510"]
[WhiteElo "2625"]
[BlackElo "2182"]
[Result "0-1"]
[Round "07"]
[TimeControl "180+1"]
[Date "2022.11.02"]
[WhiteClock "0:00:08"]
[BlackClock "0:00:16"]

1. d4 Nf6 2. c4 e6 3. Nc3 Bb4 4. f3 d5 5. a3 Bxc3+ 6. bxc3 c5 7. cxd5 exd5 8. e3 c4 9. Ne2 O-O 10. g4 Nc6 11. Ng3 Re8 12. Kf2 Na5 13. g5 Nd7 14. h4 Nb3 15. Ra2 Nxc1 16. Qxc1 Nf8 17. e4 Bd7 18. e5 Ba4 19. f4 b5 20. f5 a5 21. Qf4 Bb3 22. Ra1 b4 23. Bg2 bxc3 24. Ne2 c2 25. Nc3 Ne6 26. fxe6 fxe6 27. Ke2 Rf8 28. Qe3 Qe8 29. Bf3 Qg6 30. Bg4 h5 31. Bh3 Rf4 32. Bxe6+ Qxe6 33. Qxf4 Rf8 34. Qe3 Qg4+ 35. Kd2 Rf3 36. Qg1 Qf4+ 37. Ke2 Rxc3 38. Rc1 Qf3+ 39. Kd2 Rd3+ 40. Ke1 Rd1+ 0-1


[Site "https://www.chess.com"]

[Event "Titled Tuesday Blitz November 01 Late 2022"]
[White "Hughes, Tyler B"]
[Black "Petrova, Irina"]
[WhiteFideId "2026775"]
[BlackFideId "14124122"]
[WhiteElo "2291"]
[BlackElo "2023"]
[Result "0-1"]
[Round "07"]
[TimeControl "180+1"]
[Date "2022.11.02"]
[WhiteClock "0:00:01"]
[BlackClock "0:00:30"]

1. d4 d6 2. c4 e5 3. d5 Be7 4. Nf3 a5 5. e4 Na6 6. Be2 Nc5 7. Nc3 f5 8. exf5 Bxf5 9. O-O Nf6 10. Be3 b6 11. a3 O-O 12. b4 axb4 13. axb4 Rxa1 14. Qxa1 Nce4 15. Nxe4 Nxe4 16. Bd3 Ng5 17. Nxg5 Bxg5 18. Bxg5 Qxg5 19. Bxf5 Qxf5 20. Qa7 Qf7 21. Qb7 e4 22. f3 h6 23. Qa6 Qf6 24. Qa2 Qd4+ 25. Kh1 exf3 26. gxf3 Qd3 27. Rf2 Rxf3 28. Rxf3 Qxf3+ 29. Kg1 Qe3+ 30. Kg2 Qe4+ 31. Kg1 Kh7 32. Kf2 Qf4+ 33. Kg1 Qc1+ 34. Kg2 Qc3 35. Qb1+ g6 0-1


[Site "https://www.chess.com"]

[Event "Titled Tuesday Blitz November 01 Late 2022"]
[White "Ismayil, Malak"]
[Black "Fernandez Hernandez, Gerardo"]
[WhiteFideId "13412604"]
[BlackFideId "2207400"]
[WhiteElo "1879"]
[BlackElo "2237"]
[Result "1-0"]
[Round "07"]
[TimeControl "180+1"]
[Date "2022.11.02"]
[WhiteClock "0:01:08"]
[BlackClock "0:00:02"]

1. e4 e6 2. d4 d5 3. Nd2 Nc6 4. c3 e5 5. exd5 Qxd5 6. Ngf3 exd4 7. Bc4 Qh5 8. cxd4 Bg4 9. Qb3 O-O-O 10. Bxf7 Qf5 11. Bxg8 Bb4 12. Bc4 Nxd4 13. Nxd4 Rxd4 14. O-O Bd6 15. Re1 Rf8 16. Be6+ Kb8 17. Bxf5 Bxf5 18. Nf1 1-0


[Site "https://www.chess.com"]

[Event "Titled Tuesday Blitz November 01 Late 2022"]
[White "Ivic, Velimir"]
[Black "Szpar, Milosz"]
[WhiteFideId "950122"]
[BlackFideId "1184989"]
[WhiteElo "2625"]
[BlackElo "2422"]
[Result "1-0"]
[Round "07"]
[TimeControl "180+1"]
[Date "2022.11.01"]
[WhiteClock "0:02:38"]
[BlackClock "0:01:10"]

1. c4 e5 2. Nc3 Nf6 3. Nf3 Nc6 4. e3 Bb4 5. Qc2 Bxc3 6. bxc3 d6 7. d3 O-O 8. e4 a6 9. a4 Rb8 10. g3 b5 11. axb5 axb5 12. cxb5 Rxb5 13. Bg2 Be6 14. O-O h6 15. d4 Bc4 16. Re1 Qb8 17. Nd2 Bb3 18. Qd3 exd4 19. cxd4 d5 20. e5 Nd7 21. Ra3 Bc4 22. Nxc4 dxc4 23. Qxc4 Nb4 24. e6 fxe6 25. Qxe6+ Rf7 26. Ra8 Qxa8 27. Bxa8 1-0


[Site "https://www.chess.com"]

[Event "Titled Tuesday Blitz November 01 Late 2022"]
[White "Jaferian, Koosha"]
[Black "Roman, Rodrigo"]
[WhiteFideId "12507440"]
[BlackFideId "3701220"]
[WhiteElo "2127"]
[BlackElo "2001"]
[Result "1-0"]
[Round "07"]
[TimeControl "180+1"]
[Date "2022.11.02"]
[WhiteClock "0:00:07"]
[BlackClock "0:00:02"]

1. Nf3 Nf6 2. b3 b6 3. g3 Bb7 4. Bg2 e6 5. Bb2 Be7 6. O-O O-O 7. c4 c5 8. d4 cxd4 9. Nxd4 Bxg2 10. Kxg2 Nc6 11. Nc3 Rc8 12. Ndb5 d6 13. Ba3 Ne8 14. Ne4 d5 15. Bxe7 Nxe7 16. cxd5 exd5 17. Nd2 a6 18. Nd4 Nd6 19. N2f3 Ne4 20. Qd3 b5 21. Rac1 Qa5 22. Ne5 Qxa2 23. Rxc8 Rxc8 24. Qf3 f6 25. Nd3 Qa3 26. Qe3 Qd6 27. Ra1 g6 28. f3 Ng5 29. h4 Nf7 30. h5 Ne5 31. Nf4 g5 32. Nfe6 Nf5 33. Nxf5 Qxe6 34. g4 Rc2 35. Nd4 Qc8 36. Nxc2 Qxc2 37. Rxa6 d4 38. Qe4 Qxe4 39. fxe4 Nxg4 40. Rb6 Kf7 41. Rxb5 Ke6 42. Rb7 h6 43. b4 Kd6 44. Kh3 Nf2+ 45. Kg2 Ng4 46. Rb6+ Kd7 47. b5 Kc7 48. Rc6+ Kb7 49. Rd6 Kc7 50. Rxd4 Kb6 51. Rd8 Kxb5 52. Rg8 Kc5 53. Rg6 Kd4 54. Kg3 Ne5 55. Rxh6 Kxe4 56. Rh8 Kf5 57. Re8 Nf7 58. Re7 Nh6 59. e4# 1-0


[Site "https://www.chess.com"]

[Event "Titled Tuesday Blitz November 01 Late 2022"]
[White "Jobava, Baadur"]
[Black "Melikyan, Gnel"]
[WhiteFideId "13601520"]
[BlackFideId "54109990"]
[WhiteElo "2582"]
[BlackElo "2138"]
[Result "1-0"]
[Round "07"]
[TimeControl "180+1"]
[Date "2022.11.01"]
[WhiteClock "0:02:29"]
[BlackClock "0:01:03"]

1. b3 Nf6 2. Bb2 g6 3. Bxf6 exf6 4. c4 Bg7 5. Nc3 O-O 6. g3 f5 7. Bg2 c6 8. e3 d6 9. d4 Nd7 10. Nge2 Nf6 11. Qd3 Re8 12. O-O Qe7 13. b4 Ne4 14. Rab1 a6 15. a4 Be6 16. Rfc1 Bxc4 17. Qxc4 Nd2 18. Qd3 Nxb1 19. Rxb1 d5 20. h4 Qd7 21. Qd2 Bf8 22. Nf4 Bd6 23. Nd3 b5 24. Qc2 a5 25. axb5 axb4 26. Nxb4 Bxb4 27. Rxb4 cxb5 28. Nxd5 Qd6 29. Rxb5 Rec8 30. Rc5 Rcb8 31. Rc6 Ra1+ 32. Kh2 Qd8 33. Qc5 Qf8 34. Nf6+ Kh8 35. Qe5 Qg7 36. Qxb8+ 1-0


[Site "https://www.chess.com"]

[Event "Titled Tuesday Blitz November 01 Late 2022"]
[White "Kamsky, Gata"]
[Black "Aizpurua, Patrick Emilio"]
[WhiteFideId "2000024"]
[BlackFideId "6600522"]
[WhiteElo "2903"]
[BlackElo "2574"]
[Result "1-0"]
[Round "07"]
[TimeControl "180+1"]
[Date "2022.11.02"]
[WhiteClock "0:00:59"]
[BlackClock "0:00:14"]

1. d4 d6 2. c4 Nf6 3. Nc3 g6 4. Nf3 Bg7 5. Bg5 O-O 6. e3 c5 7. Be2 Nc6 8. O-O cxd4 9. Nxd4 Nxd4 10. exd4 Be6 11. d5 Bd7 12. Qd2 Re8 13. Rfe1 Rc8 14. Rac1 Qa5 15. b3 a6 16. a4 Qb4 17. Qa2 h6 18. Bd2 Qc5 19. a5 Bf5 20. Bf3 Qc7 21. Na4 Bg4 22. Bxg4 Nxg4 23. Nb6 Bd4 24. Re2 Bxb6 25. axb6 Qxb6 26. h3 Ne5 27. Bxh6 Qc7 28. Qa1 f6 29. Qb1 Kh7 30. Bf4 Nf7 31. Rc3 b5 32. Rg3 Rg8 33. cxb5 axb5 34. h4 f5 35. Re6 Nd8 36. Re1 Qd7 37. Rge3 Re8 38. h5 b4 39. hxg6+ Kxg6 40. Re6+ Nxe6 41. Rxe6+ Kh7 42. Qxf5+ Kh8 43. Rh6+ 1-0


[Site "https://www.chess.com"]

[Event "Titled Tuesday Blitz November 01 Late 2022"]
[White "Kanyamarala, Tarun"]
[Black "Taboas Rodriguez, Daniel"]
[WhiteFideId "45004714"]
[BlackFideId "2208466"]
[WhiteElo "2307"]
[BlackElo "2429"]
[Result "0-1"]
[Round "07"]
[TimeControl "180+1"]
[Date "2022.11.02"]
[WhiteClock "0:02:06"]
[BlackClock "0:02:06"]

1. e4 e5 2. Nf3 Nc6 3. d4 exd4 4. Nxd4 Nf6 5. Nc3 Bb4 6. Nxc6 bxc6 7. Bd3 d5 8. exd5 O-O 9. O-O cxd5 10. Bg5 c6 11. Qf3 h6 12. Bxf6 Qxf6 13. Qxf6 gxf6 14. Ne2 Re8 15. Nd4 Bd7 16. c3 Bd6 17. Bf5 Bxf5 18. Nxf5 Bf8 19. Rfe1 Re5 20. g4 Rae8 21. Kf1 Kh7 22. Re3 Kg6 23. Rae1 h5 24. h3 hxg4 25. hxg4 Kg5 26. f3 Kf4 27. Kf2 Bc5 28. Nd4 Bxd4 29. cxd4 Rxe3 0-1


[Site "https://www.chess.com"]

[Event "Titled Tuesday Blitz November 01 Late 2022"]
[White "Kaplan, Avi Harrison"]
[Black "Aghasiyev, Kamal"]
[WhiteFideId "30934559"]
[BlackFideId "13402854"]
[WhiteElo "1983"]
[BlackElo "2341"]
[Result "0-1"]
[Round "07"]
[TimeControl "180+1"]
[Date "2022.11.02"]
[WhiteClock "0:00:01"]
[BlackClock "0:00:58"]

1. d4 d5 2. c4 e6 3. Nc3 Nf6 4. cxd5 exd5 5. Bg5 c6 6. e3 Nbd7 7. Bd3 Be7 8. Nge2 h6 9. Bh4 Nh5 10. Bxe7 Qxe7 11. O-O O-O 12. Qc2 Nb6 13. Rae1 Bd7 14. a3 Rae8 15. b4 a6 16. Nc1 Nc8 17. f3 Nd6 18. e4 dxe4 19. fxe4 Qg5 20. e5 Nb5 21. Bxb5 axb5 22. Ne4 Qg6 23. Ne2 Ra8 24. Rf3 Bg4 25. Nf4 Nxf4 26. Rxf4 Rxa3 27. Kh1 Be6 28. Rg1 Rfa8 29. Rf3 Bd5 30. Nf6+ gxf6 31. Rxa3 Rxa3 32. Qf2 f5 33. e6 fxe6 34. Qe2 Kh7 35. Qf2 f4 36. Qe2 h5 37. Qf2 Qg4 38. Qf1 h4 39. Qb1+ Kh8 40. Qb2 Rb3 41. Qa2 h3 42. Qa8+ Kh7 43. Qxb7+ Kh6 44. Qg7+ Qxg7 0-1


[Site "https://www.chess.com"]

[Event "Titled Tuesday Blitz November 01 Late 2022"]
[White "Khripachenko, Alexander"]
[Black "Kirillov, Dmitry"]
[WhiteFideId "54184975"]
[BlackFideId "34180572"]
[WhiteElo "2672"]
[BlackElo "2538"]
[Result "1/2-1/2"]
[Round "07"]
[TimeControl "180+1"]
[Date "2022.11.02"]
[WhiteClock "0:00:06"]
[BlackClock "0:00:08"]

1. e4 c5 2. Nf3 d6 3. d4 cxd4 4. Qxd4 Nc6 5. Qe3 g6 6. h3 Bg7 7. Be2 Nf6 8. O-O O-O 9. c4 Nd7 10. Nc3 b6 11. Rd1 Bb7 12. Rb1 Rc8 13. b4 Nce5 14. Nxe5 Nxe5 15. c5 Ba8 16. cxd6 exd6 17. Bb2 Qe7 18. Nd5 Bxd5 19. exd5 Qh4 20. Rd4 Qd8 21. Qb3 Re8 22. Ba6 Rc7 23. Rdd1 Qg5 24. Bc1 Qd8 25. Bf4 Qf6 26. Bg3 Rce7 27. Rbc1 h5 28. Bb5 Rd8 29. h4 Bh6 30. Rc2 Bf4 31. Bxf4 Qxf4 32. Qg3 Qxg3 33. fxg3 Ng4 34. Rdc1 Re4 35. a3 Re3 36. Rc3 Re5 37. Bc6 Nf6 38. Rd3 Kg7 39. a4 Rc8 40. Rf1 Rc7 41. a5 Ne4 42. axb6 axb6 43. Ra3 Nd2 44. Rf4 Ne4 45. Kh2 g5 46. hxg5 Nxg5 47. Ra6 Ne4 48. Rxb6 Nf6 49. Kh3 Nxd5 50. Bxd5 Rxd5 51. Kh4 Rc1 52. g4 Rh1+ 53. Kg3 Rd3+ 54. Kf2 h4 55. Ke2 Rhd1 56. Rf3 R1d2+ 57. Ke1 Rd1+ 58. Ke2 R1d2+ 59. Kf1 Rd1+ 60. Kf2 R3d2+ 61. Ke3 Rd3+ 62. Kf4 Rxf3+ 63. gxf3 h3 64. Kg3 Rd3 65. b5 h2 66. Kxh2 Rxf3 67. Rxd6 Rb3 68. b6 f6 69. Kg2 Kg6 70. Rc6 Kg5 71. Rc4 Rxb6 72. Kf3 Rb3+ 73. Kf2 Ra3 74. Kg2 Rb3 75. Kf2 Rb2+ 76. Kf3 Rb3+ 77. Kf2 1/2-1/2


[Site "https://www.chess.com"]

[Event "Titled Tuesday Blitz November 01 Late 2022"]
[White "Kodinets, Konstantin L."]
[Black "Korchmar, Vasiliy"]
[WhiteFideId "4122011"]
[BlackFideId "24131750"]
[WhiteElo "2569"]
[BlackElo "2687"]
[Result "0-1"]
[Round "07"]
[TimeControl "180+1"]
[Date "2022.11.02"]
[WhiteClock "0:00:01"]
[BlackClock "0:00:31"]

1. d4 d5 2. Nf3 Nf6 3. Bf4 c5 4. e3 Nc6 5. c3 Qb6 6. Qc2 Bg4 7. Nbd2 e6 8. Be2 Rc8 9. Qb3 Be7 10. h3 Bh5 11. O-O O-O 12. Rfe1 Rfe8 13. Bh2 h6 14. Bf1 Nd7 15. Bb5 a6 16. Bxc6 Qxc6 17. a4 b6 18. Ne5 Nxe5 19. Bxe5 Ra8 20. Bg3 c4 21. Qc2 b5 22. axb5 axb5 23. b4 Bg6 24. Qb2 Ra4 25. Rxa4 bxa4 26. Ra1 Ra8 27. Nf3 f6 28. Ra3 Qb5 29. Qc1 Be4 30. Nd2 Bd3 31. h4 Kf7 32. h5 Kg8 33. Nf3 Qe8 34. Qd1 Kh7 35. Nh2 Kh8 36. Bf4 Bh7 37. g4 Bf8 38. Bg3 Be4 39. f3 Bd3 40. Nf1 e5 41. Kf2 Ra6 42. Nd2 exd4 43. exd4 Re6 44. Bf4 Re2+ 45. Kg3 Re1 46. Qxa4 Qe2 47. Ra1 Bc2 48. Qa8 Kh7 49. Rxe1 Qxe1+ 50. Kg2 Bd6 51. Bxd6 Qxd2+ 52. Kg3 Qe1+ 0-1


[Site "https://www.chess.com"]

[Event "Titled Tuesday Blitz November 01 Late 2022"]
[White "Kravtsiv, Martyn"]
[Black "Kleiman, Jake"]
[WhiteFideId "14113147"]
[BlackFideId "2020041"]
[WhiteElo "2796"]
[BlackElo "2614"]
[Result "0-1"]
[Round "07"]
[TimeControl "180+1"]
[Date "2022.11.02"]
[WhiteClock "0:00:02"]
[BlackClock "0:00:29"]

1. e4 e5 2. Nf3 Nc6 3. Nc3 Nf6 4. a4 Bb4 5. Bd3 O-O 6. O-O a6 7. Nd5 Bc5 8. c3 d6 9. Bc2 Ba7 10. d4 h6 11. Re1 Bg4 12. Be3 exd4 13. cxd4 Nxd5 14. exd5 Nb4 15. Be4 Re8 16. Bd2 a5 17. h3 Bxf3 18. Qxf3 Bxd4 19. Bc3 Bxc3 20. bxc3 Na6 21. Bc2 Nc5 22. Qf5 g6 23. Rxe8+ Qxe8 24. Qf4 Kg7 25. Qd4+ Kh7 26. Kf1 Qd7 27. h4 h5 28. Qf6 Re8 29. Re1 Rxe1+ 30. Kxe1 Kg8 31. Kf1 Qg4 32. g3 Qc4+ 33. Kg1 Qxd5 34. Qd8+ Kg7 35. Qxc7 Qd2 36. Bxg6 Kxg6 37. Qxa5 Qe1+ 38. Kg2 Qe4+ 39. Kg1 Qe5 40. Qb4 Nd3 41. Qb6 Kg7 0-1


[Site "https://www.chess.com"]